 Dungeon Crawl Stone Soup version 0.26.1-11-gd32895ea62 (webtiles) character file.

Game seed: 2373641135518537075

607 Zeld the Spear-Bearer (level 7, 0/50 HPs)
             Began as a Merfolk Gladiator on May 25, 2021.
             Slain by a killer bee (8 damage)
             ... on level 5 of the Dungeon.
             The game lasted 00:05:07 (5884 turns).

Zeld the Spear-Bearer (Merfolk Gladiator)           Turns: 5884, Time: 00:05:09

Health: 0/50       AC:  3    Str: 16    XL:     7   Next: 43%
Magic:  7/7        EV: 14    Int:  7    God:
Gold:   287        SH:  0    Dex: 16    Spells: 6/6 levels left

rFire    . . .     SeeInvis .   a - +0 trident
rCold    . . .     Faith    .   (no shield)
rNeg     . . .     Spirit   .   j - +0 robe
rPois    .         Reflect  .   c - +0 helmet
rElec    .         Harm     .   (no cloak)
rCorr    .         Rampage  .   (no gloves)
Will     .....                  (no boots)
Stlth    +.........             (no amulet)
HPRegen  0.16/turn              (no ring)
MPRegen  0.10/turn              (no ring)

@: lethally poisoned (0 -> -16), about to teleport
A: change form in water, swift swim, stealthy swim
a: no special abilities


You were on level 5 of the Dungeon.
You visited 1 branch of the dungeon, and saw 5 of its levels.

You collected 287 gold pieces.

Inventory:

Hand Weapons
 a - a +0 trident (weapon)
Missiles
 d - 3 throwing nets (quivered)
 m - 8 atropa-tipped darts
 y - 38 poisoned darts
Armour
 c - a +0 helmet (worn)
 j - a +0 robe (worn)
Jewellery
 r - a cursed ring of attention {unknown}
 u - an uncursed amulet of guardian spirit {unknown}
 z - an uncursed ring of wizardry {unknown}
 A - an uncursed amulet of faith {unknown}
 D - a +4 ring of evasion {unknown}
Wands
 x - a wand of flame (17)
Scrolls
 f - 3 scrolls of teleportation
 g - a scroll of remove curse {unknown}
 l - a scroll of blinking {unknown}
 n - 2 scrolls of enchant weapon {unknown}
 p - a scroll of random uselessness {unknown}
 q - 2 scrolls of noise {unknown}
 t - 2 scrolls of magic mapping {unknown}
 v - 2 scrolls of identify {unknown}
 C - a scroll of immolation {unknown}
 E - a scroll of enchant armour {unknown}
Potions
 e - a potion of brilliance {unknown}
 h - 2 potions of degeneration {unknown}
 i - a potion of magic
 k - 2 potions of might {unknown}
 o - a potion of flight {unknown}
 s - 2 potions of curing {unknown}
 w - a potion of attraction {unknown}
 B - a potion of heal wounds {unknown}


   Skills:
 - Level 2.1 Fighting
 * Level 11.7 Polearms
 - Level 2.0 Throwing
 - Level 4.0 Dodging


You had 6 spell levels left.
You didn't know any spells.
Your spell library contained the following spells:

 Spells                   Type           Power        Failure   Level
 Animate Skeleton         Necr           0%           43%         1
 Apportation              Tloc           0%           43%         1
 Corona                   Hex            0%           43%         1
 Foxfire                  Conj/Fire      0%           43%         1
 Summon Small Mammal      Summ           0%           43%         1
 Conjure Flame            Conj/Fire      0%           80%         3
 Inner Flame              Hex/Fire       0%           80%         3
 Sticky Flame             Conj/Fire      0%           99%         4
 Fireball                 Conj/Fire      0%           100%        5


Dungeon Overview and Level Annotations

Branches:
Dungeon (5/15)
 Temple: D:4-7

Altars:


Message History

* * * LOW HITPOINT WARNING * * *
You feel sick.
The killer bee stings you but does no damage.
The killer bee barely misses you.
Okay, then.
Okay, then.
You are too confused!
You bump into the rock wall.
You feel less invigorated.
You feel less confused.
* * * LOW HITPOINT WARNING * * *
You feel sick. The killer bee barely misses you.
The killer bee stings you but does no damage.
Okay, then.
As you read the scroll labelled FYGEIXEPNO, it crumbles to dust.
You feel strangely unstable.
It was a scroll of teleportation.
* * * LOW HITPOINT WARNING * * *
You feel sick.
The killer bee stings you but does no damage.
The killer bee stings you!
You die...

... #.......#
..##...(####
..#....# #.#....#
#.#....# #......#
##.....########..
#.#+####........
##...####@#
#.......#y#
#.......#y#
#.......#y#
#...>...yy#
#.......###
#.......#
#.......#
#.......#


You could see 5 killer bees.

Vanquished Creatures
  A phantom (D:4)
  2 ogres (D:5)
  A bullfrog (D:4)
  An orc priest (D:4)
  A hound (D:4)
  An orc wizard (D:4)
  Ijyb (D:4)
  2 worker ants (D:4)
  2 adders (D:2)
  A shadow imp (D:5)
  An adder skeleton (D:4)
  3 worms (D:2)
  2 leopard geckos
  10 orcs
  7 bats
  2 giant cockroaches
  9 goblins
  11 hobgoblins
  8 kobolds
  3 quokkas
  3 ball pythons
  3 frilled lizards
  A jackal zombie (D:5)
  A quokka skeleton (D:4)
  A quokka zombie (D:5)
  5 rats
83 creatures vanquished.

Notes
Turn   | Place    | Note
-------+----------+-------------------------------------------
     0 | D:1      | Zeld the Merfolk Gladiator began the quest for the Orb.
     0 | D:1      | Reached XP level 1. HP: 16/16 MP: 1/1
    45 | D:1      | Reached skill level 5 in Polearms
   232 | D:1      | Reached XP level 2. HP: 20/22 MP: 2/2
   671 | D:1      | You fall into a shaft and drop 1 floor!
   996 | D:1      | Reached skill level 6 in Polearms
   996 | D:1      | Reached XP level 3. HP: 26/27 MP: 3/3
  1753 | D:2      | Reached skill level 7 in Polearms
  1753 | D:2      | Reached XP level 4. HP: 16/33 MP: 4/4
  3412 | D:4      | Noticed a phantom
  3449 | D:4      | Killed a phantom
  3450 | D:4      | Reached skill level 8 in Polearms
  3450 | D:4      | Reached XP level 5. HP: 9/38 MP: 5/5
  3832 | D:4      | Reached skill level 9 in Polearms
  3844 | D:4      | Noticed Ijyb
  3851 | D:4      | Reached XP level 6. HP: 38/44 MP: 6/6
  3854 | D:4      | Killed Ijyb
  4173 | D:4      | Reached skill level 10 in Polearms
  5145 | D:5      | Entered Level 5 of the Dungeon
  5157 | D:5      | Reached skill level 11 in Polearms
  5157 | D:5      | Reached XP level 7. HP: 8/50 MP: 7/7
  5884 | D:5      | Slain by a killer bee

Illustrated notes

Levels and vault maps discovered:
D:1:      lemuel_arrival_hallway, layout_basic, minmay_fountain_box
D:2:      layout_loops_ring
D:3:      layout_basic
D:4:      layout_loops_corners, uniq_ijyb
D:5:      layout_basic

Skill      XL: |  1  2  3  4  5  6 |
---------------+-------------------+-----
Polearms       | 5 6 7 8 9 11 | 11.7
Fighting       | |  2.1
Throwing       | |  2.0
Dodging        | |  4.0

Action                   |  1- 3 |  4- 6 |  7- 9 || total
-------------------------+-------+-------+-------++-------
Melee: Trident           |   155 |   172 |    23 ||   350
Evoke: Wand              |       |     4 |       ||     4
  Use: Potion            |       |       |     3 ||     3
       Scroll            |       |       |     1 ||     1
 Stab: Sleeping          |     3 |     2 |       ||     5
       Distracted        |     1 |       |       ||     1
Armor: Skin              |     6 |       |       ||     6
       Robe              |    15 |     8 |     5 ||    28
Dodge: Dodged            |    91 |    77 |    13 ||   181
